 Dungeon Crawl Stone Soup version 0.26-a0-6-g448add79b7 (webtiles) character file.

Game seed: 1503997853339844706, levelgen mode: deterministic

3731 Echocat the Fighter (level 9, -19/81 HPs)
             Began as a Minotaur Berserker on May 24, 2020.
             Was a High Priest of Trog.
             Demolished by a two-headed ogre
             ... wielding a +0 giant club
              (20 damage)
             ... on level 8 of the Dungeon.
             The game lasted 00:24:07 (5876 turns).

Echocat the Fighter (Minotaur Berserker)            Turns: 5876, Time: 00:24:07

Health: -19/81     AC: 18    Str: 25    XL:     9   Next: 92%
Magic:  8/8        EV: 13    Int:  6    God:    Trog [*****.]
Gold:   373        SH:  0    Dex: 18    Spells: 8/8 levels left

rFire    . . .     SeeInvis .   s - +1 flail (drain)
rCold    . . .     Gourm    .   (no shield)
rNeg     . . .     Faith    .   u - +4 chain mail
rPois    .         Spirit   .   (helmet restricted)
rElec    .         Reflect  .   (no cloak)
rCorr    .         Harm     .   (no gloves)
MR       .....                  h - +0 pair of boots
Stlth    ..........             (no amulet)
HPRegen  0.23/turn              l - +6 ring of dexterity
MPRegen  0.11/turn              (no ring)

@: no status effects
A: retaliatory headbutt, horns 2, slimy green scales 1, agile 1, clever 1
a: Berserk, Trog's Hand, Brothers in Arms, Renounce Religion


You were on level 8 of the Dungeon.
You worshipped Trog.
Trog was extremely pleased with you.
You were hungry.

You visited 1 branch of the dungeon, and saw 8 of its levels.
You also visited: Sewer.

You collected 373 gold pieces.

Inventory:

Hand Weapons
 a - a +0 short sword
 s - a +1 flail of draining (weapon)
 w - a +1 mace of draining
 z - a +2 flail of protection
 B - a +3 dagger
 H - a +0 club
 J - a +1 vorpal battleaxe
Missiles
 k - 23 poisoned darts (quivered)
 m - 7 javelins
 y - 5 boomerangs
Armour
 h - a +0 pair of boots (worn)
 i - a +0 naga barding
 u - a +4 chain mail (worn)
 K - a +0 plate armour
Jewellery
 l - a +6 ring of dexterity (left hand)
 o - a cursed ring of teleportation
Wands
 j - a wand of acid (16)
 n - a wand of disintegration (18)
 G - a wand of paralysis (10)
Scrolls
 d - 10 scrolls of identify
 e - 5 scrolls of teleportation
 f - a scroll of blinking
 g - 7 scrolls of remove curse
 t - 2 scrolls of fog
 E - 2 scrolls of random uselessness
 F - a scroll of enchant armour {unknown}
 I - a scroll of fear {unknown}
 L - a scroll of immolation
 M - a scroll of enchant weapon
Potions
 b - a potion of lignification
 p - a potion of flight
 q - a potion of heal wounds {unknown}
 r - a potion of berserk rage {unknown}
 v - a potion of cancellation
 x - a potion of haste {unknown}
 A - a potion of might {unknown}
 D - a potion of mutation
Comestibles
 c - 16 rations


   Skills:
 * Level 8.3 Fighting
 - Level 5.5 Short Blades
 - Level 7.1 Maces & Flails
 * Level 4.5 Throwing
 * Level 7.9 Armour
 * Level 6.7 Dodging
 + Level 3.4 Stealth


You had 8 spell levels left.
You didn't know any spells.
Your spell library was empty.

Dungeon Overview and Level Annotations

Branches:
Dungeon (8/15)             Temple (0/1) D:6           Sewer (visited)
   Lair: D:8-11

Altars:
Ashenzari
Cheibriados
Dithmenos
Gozag
Kikubaaqudgha
Nemelex Xobeh
Qazlal
Sif Muna
Vehumet
The Shining One

Shops:
D:7 :


Innate Abilities, Weirdness & Mutations

You reflexively headbutt those who attack you in melee.
You have a pair of horns on your head.
You are partially covered in slimy green scales. (AC +2)
You are agile. (Dex +2)
Your mind is acute. (Int +2)


Message History

Something shouts, "Taste defeat, thou villainous guts-griping pimple!"
The two-headed ogre hits you but does no damage.
The two-headed ogre hits you with a +0 giant club!
The two-headed ogre hits you with a +0 giant club!
The two-headed ogre completely misses you.
The two-headed ogre closely misses you.
The two-headed ogre hits you with a +0 giant club.
All of the chunks of flesh in your inventory have rotted away.
The two-headed ogre hits you with a +0 giant club.
* * * LOW HITPOINT WARNING * * *
The two-headed ogre misses you.
The two-headed ogre hits you with a +0 giant club!!
* * * LOW HITPOINT WARNING * * *
The two-headed ogre closely misses you.
A shadow imp comes into view.
The two-headed ogre hits you with a +0 giant club.
* * * LOW HITPOINT WARNING * * *
The two-headed ogre closely misses you.
The two-headed ogre hits you with a +0 giant club!!
You die...

#.######.#.# #
#.....##.#.#
#.##.....##.#.#
#>.......'....#
#.##.....##.#.#
#. #.....##.#.#
#. #.....##.#.#
#. #.....##.#.#
#.##@....+..#..
#$)..O...####..
#.?###5### ..
#..# #.# #..#
#.# #... ...
##.. .. #...
#...


You could see a two-headed ogre and a shadow imp.

Vanquished Creatures
  A two-headed ogre (D:8)
  Prince Ribbit (D:6)
  Sigmund (D:5)
  A yak (D:7)
  A human (D:7)
  3 hogs (D:7)
  An orc warrior (D:8)
  Purgy (Sewer)
  An ice beast (D:6)
  2 centaurs (D:7)
  3 ogres
  A big kobold (D:7)
  A bullfrog (D:7)
  A scorpion (D:6)
  A wyvern skeleton (D:7)
  3 crimson imps
  A bullfrog zombie (D:8)
  8 orc priests
  2 hounds
  6 orc wizards
  3 iguanas
  5 worker ants
  A mummy (D:4)
  A howler monkey zombie (D:8)
  A worker ant zombie (D:5)
  A howler monkey skeleton (D:4)
  9 adders
  4 gnolls (D:3)
  2 adder zombies
  5 worms
  2 adder skeletons
  A dart slug (D:1)
  8 leopard geckos
  32 orcs
  A ball python (D:2)
  9 giant cockroaches
  11 goblins
  5 hobgoblins
  3 jackals (D:7)
  6 bats
  3 frilled lizards
  A jackal skeleton (D:4)
  13 kobolds
  A quokka zombie (D:5)
  8 rats
176 creatures vanquished.

Vanquished Creatures (others)
  A big kobold (D:8)
  5 kobolds (D:8)
6 creatures vanquished.

Grand Total: 182 creatures vanquished

Notes
Turn   | Place    | Note
-------+----------+-------------------------------------------
     0 | D:1      | Echocat the Minotaur Berserker began the quest for the Orb.
     0 | D:1      | Reached XP level 1. HP: 19/19 MP: 0/0
   251 | D:1      | Reached XP level 2. HP: 27/27 MP: 1/1
   375 | D:1      | Gained mutation: You are partially covered in slimy green
                  | scales. (AC +2) [potion of mutation]
   375 | D:1      | Gained mutation: Your mind is acute. (Int +2) [potion of
                  | mutation]
   375 | D:1      | Gained mutation: You are agile. (Dex +2) [potion of
                  | mutation]
   410 | D:1      | Reached skill level 4 in Fighting
   913 | D:2      | Reached XP level 3. HP: 33/33 MP: 2/2
   946 | D:2      | Reached ** piety under Trog
   958 | D:2      | Found a shimmering blue altar of Sif Muna.
  1249 | D:3      | Found a glowing drain.
  1267 | Sewer    | Entered a sewer
  1475 | Sewer    | Noticed Purgy
  1482 | Sewer    | Killed Purgy
  1482 | Sewer    | Reached XP level 4. HP: 29/41 MP: 3/3
  1482 | Sewer    | Reached XP level 5. HP: 33/47 MP: 4/4
  1874 | D:3      | Reached skill level 5 in Short Blades
  1901 | D:3      | Reached skill level 5 in Fighting
  1901 | D:3      | Reached skill level 1 in Stealth
  1903 | D:3      | Reached XP level 6. HP: 12/56 MP: 5/5
  2578 | D:3      | Reached *** piety under Trog
  2775 | D:4      | Reached skill level 1 in Maces & Flails
  2946 | D:4      | Reached XP level 7. HP: 59/61 MP: 6/6
  2997 | D:4      | Found a radiant altar of Vehumet.
  3356 | D:4      | Found a snail-covered altar of Cheibriados.
  3434 | D:5      | Entered Level 5 of the Dungeon
  3555 | D:5      | Reached **** piety under Trog
  3687 | D:5      | Noticed Sigmund
  3690 | D:5      | Killed Sigmund
  3690 | D:5      | Reached skill level 5 in Maces & Flails
  3697 | D:5      | Found a stormy altar of Qazlal.
  3876 | D:5      | Reached XP level 8. HP: 65/70 MP: 7/7
  3878 | D:5      | Reached skill level 5 in Armour
  4111 | D:6      | Noticed Prince Ribbit
  4124 | D:6      | Killed Prince Ribbit
  4191 | D:6      | Found a shattered altar of Ashenzari.
  4195 | D:6      | Reached skill level 6 in Fighting
  4198 | D:6      | Found an ancient bone altar of Kikubaaqudgha.
  4199 | D:6      | Found a glowing golden altar of the Shining One.
  4199 | D:6      | Found a shadowy altar of Dithmenos.
  4200 | D:6      | Found a sparkling altar of Nemelex Xobeh.
  4562 | D:6      | Found a staircase to the Ecumenical Temple.
  4574 | D:6      | Reached skill level 1 in Throwing
  4842 | D:7      | Reached skill level 5 in Dodging
  5053 | D:7      | Found an opulent altar of Gozag.
  5075 | D:7      | Found Teydoic's Book Emporium.
  5108 | D:7      | Reached XP level 9. HP: 64/78 MP: 8/8
  5138 | D:7      | Reached skill level 7 in Fighting
  5588 | D:8      | Reached ***** piety under Trog
  5748 | D:8      | Noticed a two-headed ogre
  5764 | D:8      | Killed a two-headed ogre
  5764 | D:8      | Reached skill level 8 in Fighting
  5865 | D:8      | Noticed a two-headed ogre
  5874 | D:8      | HP: 1/81 [two-headed ogre/+0 giant club (6)]
  5876 | D:8      | Demolished by a two-headed ogre

Illustrated notes

Levels and vault maps discovered:
D:1:      saegor_arrival_simple_c, layout_basic
D:2:      layout_loops_cross, lemuel_coloured_pillars_altar, first_ration,
          kennysheep_generic_room_4
D:3:      layout_loops_ring, portal_sewer_entry_f
D:4:      layout_rooms, lemuel_crystal_altar, grunt_ministairs_14,
          chei_slow_surprise
D:5:      layout_basic, lemuel_round_altar, uniq_sigmund
D:6:      layout_gridville, grunt_temple_overflow_open,
          minmay_temple_entry_glass, uniq_prince_ribbit1
D:7:      layout_cave_pools, nicolae_overflow_crystal_walls, serial_shops,
          nicolae_shop_statue_plus, grunt_livestock
D:8:      layout_basic, chequers_serial_rivers_micro_e, lemuel_flamethrower_2

Skill      XL: |  1  2  3  4  5  6  7  8  9 |
---------------+----------------------------+-----
Fighting       | 4 5 6 8 |  8.3
Short Blades   | 4 5 |  5.5
Armour         | 3 4 6 7 |  7.9
Dodging        | 3 4 5 6 |  6.7
Stealth        | 1 2 3 |  3.4
Maces & Flails | 2 6 7 |  7.1
Throwing       | 2 4 |  4.5

Action                   |  1- 3 |  4- 6 |  7- 9 || total
-------------------------+-------+-------+-------++-------
Melee: Short sword       |    75 |    50 |       ||   125
       Headbutt          |     9 |    26 |    57 ||    92
       Flail             |       |    58 |   194 ||   252
Invok: Berserk           |     1 |       |       ||     1
       Trog's Hand       |       |     1 |       ||     1
  Use: Scroll            |     8 |     3 |     1 ||    12
       Potion            |     3 |     2 |       ||     5
 Stab: Sleeping          |     1 |     2 |       ||     3
  Eat: Chunk             |     2 |     3 |     5 ||    10
       Ration            |       |     1 |     1 ||     2
Armor: Leather armour    |    33 |     7 |       ||    40
       Ring mail         |       |    19 |       ||    19
       Scale mail        |       |     1 |     4 ||     5
       Chain mail        |       |       |   116 ||   116
Dodge: Dodged            |    57 |    97 |   108 ||   262

Table legend:
 A = Non-vault XP
 B = Vault XP
 C = Vault XP percentage of total XP
 D = Non-vault monster count
 E = Vault monster count
 F = Vault count percentage of total count
                 A         B        C        D         E       F
            +---------+---------+-------+---------+---------+-------
      Total |    3626 |    1704 |  32.0 |     156 |      20 |  11.4
            +---------+---------+-------+---------+---------+-------
        D:1 |      18 |       0 |   0.0 |      10 |       0 |   0.0
        D:2 |      32 |       2 |   5.9 |      18 |       1 |   5.3
        D:3 |     282 |       8 |   2.8 |      38 |       3 |   7.3
        D:4 |     345 |      67 |  16.3 |      24 |       3 |  11.1
        D:5 |     405 |     212 |  34.4 |      18 |       1 |   5.3
        D:6 |     311 |     283 |  47.6 |       6 |       1 |  14.3
        D:7 |     940 |     980 |  51.0 |      27 |       5 |  15.6
        D:8 |    1293 |       0 |   0.0 |      15 |       0 |   0.0
      Sewer |       0 |     152 | 100.0 |       0 |       6 | 100.0
            +---------+---------+-------+---------+---------+-------
